Map: Royal Blood LE

Players

PtitDrogo

  • Race: Protoss Protoss
  • Spawn Location: 7:00

Krystianer - Winner!

  • Race: Protoss Protoss
  • Spawn Location: 1:00

Event: ESL SC2 Masters 2023 Summer (Regionals)

VOD

Have the link to the VOD?

Description

Time

  • Played on: May 4, 2023, 10:26 a.m.
  • Length: 16:45

All games in this series

Show
View Real Time Build Order
Export as new Build Order

PtitDrogo Protoss 

Build Orders: Phoenix Opening 

Get SALT Encoding   

  12  0:00  Probe  
  13  0:12  Probe  
  14  0:17  Pylon  
  14  0:24  Probe (Chrono Boost)  
  15  0:36  Probe (Chrono Boost)  
  15  0:37  Gateway  
  16  0:45  Probe (Chrono Boost)  
  16  0:46  Assimilator  
  17  0:51  Probe  
  17  0:54  Assimilator  
  18  1:03  Probe (Chrono Boost)  
  19  1:07  Gateway  
  19  1:13  Probe (Chrono Boost)  
  19  1:17  Probe (Chrono Boost)  
  20  1:24  Cybernetics Core  
  21  1:29  Probe  
  22  1:37  Pylon  
  22  1:41  Probe  
  23  1:57  Probe  
  23  1:58  Warp Gate (Chrono Boost)  
  23  2:01  Stalker, Sentry  
  26  2:07  Pylon  
  28  2:19  Pylon  
  28  2:27  Pylon  
  28  2:28  Stalker  
  30  2:37  Phoenix  
  30  2:38  Probe  
  30  2:40  Sentry  
  33  2:58  Nexus  
  33  3:00  Probe  
  33  3:05  Sentry  
  36  3:16  Probe  
  38  3:28  Probe  
  38  3:32  Twilight Council  
  39  3:42  Pylon  
  39  3:43  Probe (Chrono Boost)  
  38  3:53  Probe (Chrono Boost)  
  39  3:58  Probe (Chrono Boost)  
  39  4:02  Nexus  
  40  4:13  Stalker x2  
  44  4:23  Probe, Blink (Chrono Boost)  
  40  4:28  Probe  
  39  4:36  Probe  
  40  4:40  Probe, Stalker  
  43  4:45  Stalker  
  43  4:48  Probe  
  43  4:52  Probe  
  47  5:00  Probe  
  47  5:02  Forge  
  47  5:04  Probe, Stalker  
  51  5:11  Stalker  
  51  5:12  Phoenix  
  51  5:13  Probe (Chrono Boost)  
  54  5:16  Probe (Chrono Boost)  
  54  5:18  Probe (Chrono Boost)  
  56  5:26  Pylon  
  56  5:27  Protoss Ground Weapons Level 1 (Chrono Boost)  
  59  5:28  Probe (Chrono Boost)  
  59  5:29  Probe (Chrono Boost)  
  59  5:30  Probe (Chrono Boost)  
  59  5:33  Probe (Chrono Boost), Stalker  
  59  5:34  Probe (Chrono Boost)  
  62  5:35  Stalker  
  62  5:36  Probe (Chrono Boost)  
  66  5:43  Probe  
  66  5:44  Probe  
  66  5:46  Shield Battery  
  66  5:48  Probe  
  69  5:55  Probe  
  69  5:56  Probe  
  68  6:07  Stalker x2  
  68  6:10  Probe x2  
  68  6:11  Probe  
  69  6:20  Gateway  
  69  6:21  Gateway  
  69  6:22  Probe  
  69  6:23  Probe x2, Gateway  
  70  6:26  Gateway  
  70  6:29  Stalker  
  70  6:30  Stalker  
  70  6:32  Charge (Chrono Boost)  
  74  6:35  Probe x3  
  74  6:38  Assimilator  
  75  6:46  Assimilator  
  76  6:47  Probe x3  
  76  6:51  Gateway  
  76  6:52  Gateway  
  76  6:54  Stalker  
  80  6:55  Pylon  
  80  6:57  Pylon  
  80  6:58  Zealot  
  80  6:59  Probe x3  
  85  7:03  Pylon  
  85  7:04  Gateway  
  84  7:16  Stalker x3  
  84  7:17  Stalker  
  84  7:20  Zealot  
  94  7:23  Zealot  
  94  7:26  Protoss Ground Weapons Level 2 (Chrono Boost)  
  91  7:30  Probe x3  
  91  7:34  Gateway  
  94  7:42  Zealot x3  
  93  8:00  Stalker x4  
  93  8:04  Probe  
  102  8:05  Pylon  
  102  8:07  Stalker x2  
  102  8:08  Pylon  
  106  8:13  Stalker  
  104  8:31  Zealot x7  
  104  8:32  Zealot x2  
  108  8:42  Zealot  
  110  8:52  Templar Archives  
  110  8:54  Zealot, Assimilator x2  
  112  8:57  Stalker x4  
  112  8:58  Stalker  
  112  9:00  Zealot  
  124  9:09  Pylon x2  
  124  9:10  Pylon  
  122  9:20  Protoss Ground Weapons Level 3 (Chrono Boost)  
  114  9:25  Dark Shrine  
  112  9:37  Photon Cannon  
  110  9:47  Probe  
  110  9:50  High Templar  
  110  9:51  High Templar, Zealot x4  
  121  9:57  Photon Cannon  
  121  9:59  Archon  
  121  10:00  Nexus  
  121  10:01  Pylon  
  121  10:08  Probe x3  
  121  10:11  High Templar x2, Zealot x2  
  121  10:12  Pylon, Zealot  
  134  10:20  Probe x3  
  137  10:21  Archon  
  136  10:28  Photon Cannon  
  136  10:29  Shield Battery  
  136  10:31  Stalker x2  
  136  10:32  Probe  
  135  10:42  Dark Templar x3  
  135  10:47  Zealot x2  
  133  10:51  Zealot x2  
  133  10:53  Probe x2  
  137  10:58  High Templar x2  
  137  11:02  Archon  
  137  11:04  Pylon  
  141  11:08  Pylon x2  
  141  11:15  Zealot x4  
  141  11:17  Probe x2  
  141  11:18  Probe  
  148  11:30  Archon  
  148  11:32  Probe x3  
  148  11:34  Probe  
  148  11:35  Photon Cannon  
  148  11:37  Photon Cannon  
  142  11:42  Robotics Facility  
  136  11:54  Probe  
  135  11:55  Photon Cannon  
  135  11:57  Photon Cannon  
  135  11:58  Zealot x2, Photon Cannon  
  135  11:59  Zealot  
  140  12:01  Probe  
  139  12:08  Probe  
  137  12:17  Zealot x5  
  97  12:33  Zealot x4  
  89  12:38  Zealot x2  
  89  12:39  Zealot x2  
  89  12:43  Probe  
  80  12:49  Robotics Facility  
  76  12:51  Dark Templar  
  76  12:53  Dark Templar x2  
  76  12:58  High Templar x2  
  80  12:59  High Templar x3  
  80  13:02  Archon x2  
  80  13:04  High Templar, Observer (Chrono Boost)  
  90  13:09  Probe x2, Archon  
  90  13:10  Probe  
  93  13:21  Probe  
  93  13:22  Probe  
  93  13:23  Nexus  
  95  13:33  High Templar x3  
  95  13:34  High Templar  
  101  13:40  Archon  
  101  13:46  Archon x2  
  97  13:48  Stalker x3  
  97  13:49  Stalker x2  
  97  13:50  Probe  
  104  13:56  Probe  
  104  13:58  Pylon  
  104  14:00  Probe  
  103  14:13  Dark Templar  
  103  14:14  Dark Templar  
  104  14:25  Dark Templar x2  
  104  14:26  Dark Templar  
  104  14:28  Protoss Shields Level 1 (Chrono Boost)  
  104  14:30  Nexus, Pylon  
  109  14:36  Probe x3  
  112  14:48  Probe, Archon  
  112  14:50  Zealot x4  
  112  14:51  Zealot x2  
  111  15:11  Zealot x4, Stalker x3  
  121  15:18  High Templar x2  
  125  15:22  Archon  
  125  15:29  High Templar x2  
  125  15:30  Zealot  
  125  15:34  Archon  
  117  15:41  Dark Templar x3  
  115  15:46  Zealot x2  
  115  15:48  Probe  
  112  15:51  Probe  
  113  15:57  Zealot  
  103  16:13  Probe  
  103  16:14  Archon  
  103  16:16  Dark Templar  
  100  16:20  High Templar, Shield Battery  
  100  16:21  High Templar, Shield Battery  
  100  16:25  Archon  
  104  16:32  Stalker x2  
  100  16:37  Dark Templar  
  84  16:41  Dark Templar  
Show
View Real Time Build Order
Export as new Build Order

Krystianer Protoss - Winner!

Build Orders:  

Get SALT Encoding   

  12  0:00  Probe  
  13  0:12  Probe  
  14  0:16  Pylon  
  14  0:24  Probe (Chrono Boost)  
  16  0:36  Probe (Chrono Boost)  
  16  0:37  Gateway  
  16  0:43  Probe (Chrono Boost)  
  16  0:45  Assimilator  
  17  0:50  Probe  
  17  0:54  Assimilator  
  18  1:02  Probe (Chrono Boost)  
  19  1:07  Gateway  
  20  1:12  Probe (Chrono Boost)  
  20  1:17  Probe (Chrono Boost)  
  20  1:23  Cybernetics Core  
  21  1:29  Probe  
  22  1:35  Pylon  
  22  1:41  Probe  
  23  1:54  Probe  
  24  2:00  Adept, Warp Gate (Chrono Boost), Stalker  
  28  2:06  Probe  
  29  2:12  Pylon  
  29  2:18  Probe  
  30  2:32  Stalker x2  
  34  2:58  Nexus  
  34  2:59  Probe  
  34  3:05  Sentry  
  36  3:07  Sentry  
  36  3:11  Probe  
  39  3:17  Pylon  
  37  3:23  Probe  
  37  3:26  Twilight Council  
  38  3:35  Probe  
  39  3:43  Stalker  
  39  3:44  Stalker  
  39  3:47  Probe (Chrono Boost)  
  44  3:57  Pylon  
  44  3:58  Probe (Chrono Boost)  
  45  4:03  Probe (Chrono Boost)  
  45  4:08  Blink  
  46  4:18  Probe  
  43  4:27  Stalker  
  43  4:28  Probe (Chrono Boost), Stalker  
  49  4:34  Robotics Facility  
  49  4:35  Probe (Chrono Boost)  
  49  4:40  Probe (Chrono Boost)  
  49  4:43  Probe (Chrono Boost)  
  51  4:50  Probe x2 (Chrono Boost)  
  53  4:53  Stalker x2  
  53  4:56  Probe x2  
  59  5:11  Nexus  
  59  5:13  Probe  
  60  5:15  Probe  
  62  5:21  Observer  
  62  5:22  Stalker  
  62  5:25  Stalker  
  62  5:27  Probe (Chrono Boost)  
  68  5:31  Pylon  
  68  5:33  Probe (Chrono Boost)  
  69  5:36  Probe (Chrono Boost)  
  69  5:38  Probe (Chrono Boost)  
  70  5:47  Pylon  
  70  5:49  Stalker x2  
  70  6:05  Probe  
  65  6:12  Stalker x2  
  65  6:15  Gateway  
  65  6:18  Gateway  
  69  6:19  Gateway  
  69  6:20  Probe (Chrono Boost)  
  72  6:26  Probe (Chrono Boost)  
  72  6:27  Probe (Chrono Boost)  
  72  6:30  Probe (Chrono Boost)  
  72  6:32  Forge  
  74  6:35  Probe (Chrono Boost), Adept x2  
  74  6:37  Probe (Chrono Boost)  
  74  6:39  Probe (Chrono Boost)  
  78  6:40  Probe (Chrono Boost)  
  78  6:42  Charge, Observer  
  78  6:44  Probe  
  78  6:46  Assimilator  
  81  6:47  Probe  
  81  6:50  Probe, Assimilator  
  81  6:52  Gateway  
  82  6:54  Gateway  
  82  6:56  Probe  
  83  7:01  Gateway  
  83  7:04  Stalker  
  83  7:05  Stalker  
  83  7:07  Gateway  
  87  7:09  Probe  
  87  7:15  Stalker x2  
  92  7:26  Probe  
  92  7:29  Protoss Ground Weapons Level 1 (Chrono Boost)  
  93  7:30  Pylon  
  93  7:33  Gateway  
  93  7:34  Pylon, Zealot x3  
  95  7:44  Nexus  
  91  7:54  Stalker x3  
  91  7:59  Zealot x5  
  91  8:02  Pylon  
  97  8:22  Zealot x9  
  111  8:29  Shield Battery  
  103  8:35  Shield Battery  
  96  8:43  Stalker x5  
  96  8:46  Shield Battery  
  106  8:50  Zealot x3  
  106  8:54  Nexus  
  112  9:02  Pylon  
  110  9:05  Stalker x2  
  110  9:06  Stalker  
  116  9:11  Observer  
  116  9:22  Zealot x5  
  124  9:26  Probe  
  124  9:27  Dark Shrine  
  125  9:31  Pylon  
  125  9:33  Pylon  
  125  9:35  Pylon  
  125  9:40  Shield Battery  
  125  9:41  Photon Cannon  
  125  9:47  Protoss Ground Weapons Level 2 (Chrono Boost)  
  125  9:49  Probe x2  
  127  9:56  Stalker x4  
  127  9:57  Photon Cannon  
  135  10:00  Probe  
  135  10:01  Probe  
  135  10:03  Stalker x2  
  141  10:08  Pylon  
  141  10:12  Zealot  
  143  10:35  Zealot x10  
  151  10:55  Dark Templar x3  
  157  10:59  Dark Templar, Observer  
  157  11:01  Zealot x6  
  171  11:08  Pylon  
  171  11:11  Pylon  
  168  11:13  Pylon  
  168  11:15  Pylon  
  151  11:34  Probe  
  151  11:36  Pylon, Zealot x6, Stalker x4  
  151  11:37  Observer  
  151  11:38  Probe  
  169  11:55  Probe  
  169  11:58  Assimilator  
  169  12:01  Assimilator  
  170  12:02  Stalker x4  
  178  12:09  Stalker  
  178  12:11  Probe, Assimilator  
  149  12:24  Nexus  
  149  12:27  Stalker x4  
  123  12:31  Zealot x5  
  108  12:37  Probe  
  108  12:38  Probe  
  108  12:42  Zealot  
  91  12:45  Protoss Ground Weapons Level 3 (Chrono Boost)  
  91  12:47  Probe (Chrono Boost)  
  91  12:48  Probe (Chrono Boost)  
  93  12:56  Observer (Chrono Boost)  
  93  12:57  Probe (Chrono Boost)  
  96  13:02  Probe (Chrono Boost)  
  97  13:07  Zealot x6  
  97  13:09  Probe (Chrono Boost)  
  97  13:11  Probe (Chrono Boost)  
  110  13:12  Photon Cannon  
  110  13:17  Probe  
  112  13:20  Probe  
  112  13:21  Zealot x2  
  114  13:27  Probe  
  114  13:31  Probe  
  116  13:34  Stalker x3  
  116  13:40  Stalker x2  
  124  13:46  Probe  
  125  13:54  Stalker x4  
  133  13:58  Probe x4  
  133  14:00  Observer (Chrono Boost)  
  133  14:02  Probe  
  139  14:03  Photon Cannon  
  139  14:10  Probe x4  
  139  14:14  Probe  
  142  14:18  Stalker x4  
  142  14:22  Observer, Shield Battery  
  151  14:28  Stalker x2  
  152  14:39  Probe x2  
  152  14:40  Probe  
  152  14:43  Observer  
  153  14:48  Stalker  
  153  14:49  Stalker x6  
  164  14:56  Zealot x3  
  164  14:59  Observer  
  158  15:07  Probe (Chrono Boost)  
  158  15:10  Probe x2 (Chrono Boost)  
  157  15:16  Probe (Chrono Boost)  
  157  15:18  Stalker x6  
  157  15:20  Probe x2 (Chrono Boost)  
  171  15:26  Probe  
  143  15:40  Stalker x4  
  143  15:44  Stalker x4  
  143  15:49  Pylon  
  142  16:07  Zealot x10  
  139  16:13  Stalker x10  
  139  16:16  Probe  
  139  16:17  Probe  
  162  16:20  Pylon  
  155  16:38  Zealot x9  
Tags
 
Add a new tag
Caveats
  • Supply blocks, unpowered buildings, or Contaminate may cause inaccurate times.
  • Supply counts are checked every 10 seconds.